 Dungeon Crawl Stone Soup version 0.19-a0-1498-g0b85ae9 (webtiles) character file.

38 George the Slasher (level 3, -2/31 HPs)
             Began as a Minotaur Fighter on Sept 10, 2016.
             Slain by Sigmund
             ... wielding a +0 scythe
              (4 damage)
             ... on level 2 of the Dungeon.
             The game lasted 00:02:10 (1029 turns).

George the Slasher (Minotaur Fighter)               Turns: 1029, Time: 00:02:10

Health: -2/31      AC:  8    Str: 20    XL:     3   Next: 25%
Magic:  2/2        EV:  7    Int:  5    God:
Gold:   58         SH:  9    Dex: 10    Spells: 0 memorised, 2 levels left

rFire  . . .     SeeInvis .     a - +0 long sword
rCold  . . .     Gourm    .     b - +0 scale mail
rNeg   . . .     Faith    .     c - +0 shield
rPois  .         Spirit   .     (helmet restricted)
rElec  .         Dismiss  .     (no cloak)
rCorr  .         Reflect  .     (no gloves)
MR     .....     Harm     .     g - +0 pair of boots
Stlth  ..........               (no amulet)
                                (no ring)
                                (no ring)

@: no status effects
A: retaliatory headbutt, horns 2
a: no special abilities


You were on level 2 of the Dungeon.
You were not hungry.

You visited 1 branch of the dungeon, and saw 2 of its levels.

You collected 58 gold pieces.

Inventory:

Hand Weapons
 a - a +0 long sword (weapon)
Armour
 b - a +0 scale mail (worn)
 c - a +0 shield (worn)
 g - a +0 pair of boots (worn)
Scrolls
 e - 3 scrolls of identify {unknown}
 i - a scroll of remove curse {unknown}
 j - 2 scrolls of teleportation {unknown}
 k - a scroll of fear {unknown}
Potions
 d - a potion of might
 l - a potion of cancellation {unknown}
Comestibles
 f - 2 bread rations
 h - a meat ration


   Skills:
 - Level 3.6 Fighting
 + Level 4.5 Long Blades
 - Level 3.6 Armour
 - Level 3.6 Shields


You had 2 spell levels left.
You didn't know any spells.

Dungeon Overview and Level Annotations

Branches:
Dungeon (2/15)

Altars:

Annotations:
D:2 Sigmund


Innate Abilities, Weirdness & Mutations

You reflexively headbutt those who attack you in melee.
You have a pair of horns on your head.


Message History

Something hits you but does no damage. The hobgoblin hits you.
You bump into the rock wall.
The hobgoblin closely misses you. Something hits you but does no damage.
Something hits you.
The hobgoblin hits you but does no damage.
You feel less confused. The hobgoblin barely misses you. Something hits you!
You closely miss the hobgoblin.
You headbutt the hobgoblin, but do no damage.
You block something's attack. You block the hobgoblin's attack.
You hit the hobgoblin.
You kill the hobgoblin!
Something hits you but does no damage.
You hit something. You headbutt something! Something hits you!
* * * LOW HITPOINT WARNING * * *
You closely miss something. Your headbutt misses something. Something hits you.
* * * LOW HITPOINT WARNING * * *
Your shield prevents you from hitting something.
Your headbutt misses something. Something hits you.
You die...

#.# # #.#.# ## #.#< ..
#.. #.#####.####
###..........
..........# #.
#......@# #. ######{†#
#. ######..####.#(
#.###.............. #
#..#....#...#######
#.##......#_#..#
#..........#†..#######
####....†.............
##.#.....##########


There were no monsters in sight!

Vanquished Creatures
  An ooze (D:1)
  2 giant geckos (D:1)
  3 giant cockroaches (D:1)
  2 goblins (D:1)
  3 hobgoblins
  6 jackals (D:1)
  3 bats (D:1)
  5 kobolds (D:1)
  3 rats (D:2)
28 creatures vanquished.

Notes
Turn   | Place    | Note
-------+----------+-------------------------------------------
     0 | D:1      | George the Minotaur Fighter began the quest for the Orb.
     0 | D:1      | Reached XP level 1. HP: 19/19 MP: 0/0
    18 | D:1      | Reached skill level 3 in Long Blades
    29 | D:1      | Reached XP level 2. HP: 20/26 MP: 1/1
   258 | D:1      | Reached skill level 4 in Long Blades
   390 | D:1      | Reached XP level 3. HP: 31/31 MP: 2/2
   978 | D:2      | Found a faded altar of an unknown god.
  1005 | D:2      | Noticed Sigmund
  1029 | D:2      | Slain by Sigmund

Vault maps used:
D:1:      scummos_arrival_simple_fountains, serial_forest,
          infiniplex_forest_fountain, infiniplex_forest_corner_2,
          infiniplex_forest_end_3, infiniplex_forest_end_3,
          infiniplex_forest_side_room, infiniplex_forest_clump_large,
          infiniplex_forest_lined_ring, infiniplex_forest_end_1,
          hangedman_abyss_or_decor_lesser_grid, minmay_misc_feat_four_crosses
D:2:      nicolae_overflow_hidden_temple, ecumenical_altar_1, uniq_natasha,
          uniq_crazy_yiuf_cottage, uniq_sigmund

Skill      XL: |  1  2 |
---------------+-------+-----
Long Blades    | 3 4 |  4.5
Fighting       | |  3.6
Armour         | |  3.6
Shields        | |  3.6

Action                   || total
-------------------------++-------
Melee: Long sword        ||    81
       Headbutt          ||    10
Armor: Scale mail        ||    41
Dodge: Dodged            ||    16
Block: Shield            ||    31
